 Dungeon Crawl Stone Soup version 0.15.0-14-g6bbbb5c (webtiles) character file.

67 CrazyArbalest the Bolt Thrower (level 4, 23/32 HPs)
             Began as a Demonspawn Hunter on Sept 4, 2014.
             Quit the game on Level 2 of the Dungeon.
             The game lasted 00:05:37 (1391 turns).

CrazyArbalest the Bolt Thrower (Demonspawn Hunter)  Turns: 1391, Time: 00:05:37

HP  23/32        AC  7     Str 13      XL: 4   Next:  0%
MP   4/4         EV 11     Int 12      God:
Gold 53          SH  0     Dex 14      Spells:  0 memorised,  3 levels left

rFire  . . .     SeeInvis .     a - +0 club
rCold  . . .     Clarity  .     d - +0 leather armour
rNeg   . . .     rCorr    .     (no shield)
rPois  .         rRot     .     (helmet restricted)
rElec  .         Spirit   .     l - +0 cloak
SustAb .         Warding  .     j - +2 pair of gloves
rMut   .         Stasis   .     (no boots)
Gourm  .                        (no amulet)
MR     .....                    (no ring)
                                (no ring)

@: not resistant to hostile enchantments, very unstealthy
A: horns 1, powered by death 2
a: no special abilities


You were on level 2 of the Dungeon.
You were not hungry.

You visited 1 branch of the dungeon, and saw 2 of its levels.

You collected 53 gold pieces.

Inventory:

Hand weapons
 a - a +0 club (weapon)
 b - a +1 hand crossbow
Missiles
 c - 18 bolts
Armour
 d - a +0 leather armour (worn)
 j - a +2 pair of gloves (worn)
 l - a +0 cloak (worn)
Comestibles
 f - 3 bread rations
 g - a meat ration
 o - a rotting chunk of quokka flesh
 p - a rotting chunk of rat flesh
 q - a rotting chunk of rat flesh
 r - a rotting chunk of adder flesh
 s - a chunk of goblin flesh
Scrolls
 e - a scroll of magic mapping {unknown}
 h - a scroll of enchant weapon {unknown}
 k - a scroll of identify {unknown}
Jewellery
 m - a cursed ring of loudness {unknown}
Potions
 i - 2 potions of curing {unknown}
 n - a potion of mutation {unknown}


   Skills:
 + Level 1.1 Fighting
 * Level 0.5 Maces & Flails
 * Level 4.6 Crossbows
 + Level 0.6 Armour
 + Level 2.2 Dodging
 + Level 0.8 Stealth


You had 3 spell levels left.
You didn't know any spells.

Dungeon Overview and Level Annotations

Branches:
Dungeon (2/15)

Altars:


Innate Abilities, Weirdness & Mutations

You have a pair of small horns on your head.
You can steal the life force of defeated enemies.


Message History

You hit the hobgoblin.
The hobgoblin is lightly wounded.
The hobgoblin hits you.
You closely miss the hobgoblin.
The hobgoblin is lightly wounded.
The hobgoblin barely misses you.
You barely miss the hobgoblin.
The hobgoblin is lightly wounded.
The hobgoblin barely misses you.
You hit the hobgoblin.
The hobgoblin is heavily wounded.
The hobgoblin closely misses you. The hobgoblin hits you.
You hit the hobgoblin.
You kill the hobgoblin!
You have reached level 4!
You feel monstrous as your demonic heritage exerts itself.
Your demonic ancestry asserts itself...
A pair of horns grows on your head!
You feel stronger.
Are you sure you want to abandon this character and quit the game? (Confirm with "yes".)

#####..# .#..
#......).#.#..# %.#
#...#.#..
######.....#..###
........#..#....#
.#####....>#.##.#####
.######....#.##......
...........#.#...####.#
..#####.#..#....@.....#
#.# #.#)...............
#.# #.#......#########
..#####.#####.##
#.............#
#)#####.####### #.#
#... #.# ##### #.#


There were no monsters in sight!

Vanquished Creatures
  2 adders (D:2)
  A giant mite (D:2)
  A worm (D:2)
  A bat (D:2)
  A giant cockroach (D:1)
  11 goblins
  3 hobgoblins (D:2)
  3 jackals (D:2)
  A quokka (D:2)
  A giant newt (D:1)
  5 kobolds
  4 rats
34 creatures vanquished.

Notes
Turn   | Place    | Note
--------------------------------------------------------------
     0 | D:1      | CrazyArbalest, the Demonspawn Hunter, began the quest for the Orb.
     0 | D:1      | Reached XP level 1. HP: 15/15 MP: 1/1
   143 | D:1      | Reached skill level 4 in Crossbows
   194 | D:1      | Gained mutation: You can steal the life force of nearby defeated enemies. [demonic ancestry]
   194 | D:1      | Reached XP level 2. HP: 21/21 MP: 2/2
   924 | D:2      | Gained mutation: You can steal the life force of defeated enemies. [demonic ancestry]
   924 | D:2      | Reached XP level 3. HP: 23/26 MP: 3/3
  1390 | D:2      | Gained mutation: You have a pair of small horns on your head. [demonic ancestry]
  1390 | D:2      | Reached XP level 4. HP: 23/32 MP: 4/4
  1391 | D:2      | Quit the game

Action                   |  1- 3 |  4- 6 || total
-------------------------+-------+-------++-------
Melee: Club              |   108 |       ||   108
 Fire: Hand crossbow     |    24 |       ||    24
  Eat: Chunk             |     2 |       ||     2
